 Dungeon Crawl Stone Soup version 0.23.0 (webtiles) character file.

Game seed: 12234677452588448163

325 DrEnzyme the Vandal (level 6, -7/33 HPs)
             Began as a Tengu Enchanter on Feb 10, 2019.
             Was an Initiate of Vehumet.
             Killed by divine providence
             ... invoked by an orc priest
              (14 damage)
             ... on level 4 of the Dungeon.
             The game lasted 00:10:45 (5148 turns).

DrEnzyme the Vandal (Tengu Enchanter)               Turns: 5148, Time: 00:10:45

Health: -7/33      AC:  4    Str: 10    XL:     6   Next: 48%
Magic:  10/10      EV: 12    Int: 16    God:    Vehumet [......]
Gold:   223        SH:  0    Dex: 14    Spells: 4/10 levels left

rFire    + . .     SeeInvis .   a - +2 dagger
rCold    . . .     Gourm    .   (no shield)
rNeg     . . .     Faith    .   e - +1 leather armour {rF+}
rPois    .         Spirit   .   (helmet restricted)
rElec    .         Reflect  .   (no cloak)
rCorr    .         Harm     .   (no gloves)
MR       .....                  (boots unavailable)
Stlth    ++........             (no amulet)
HPRegen  0.11/turn              (no ring)
MPRegen  0.12/turn              (no ring)

@: no status effects
A: beak, talons 3, able to fly
a: Fly, Renounce Religion


You were on level 4 of the Dungeon.
You worshipped Vehumet.
Vehumet was noncommittal.
You were hungry.

You visited 1 branch of the dungeon, and saw 4 of its levels.

You collected 223 gold pieces.

Inventory:

Hand Weapons
 a - a +2 dagger (weapon)
 b - a +0 hunting sling
Missiles
 o - 85 stones (quivered)
Armour
 d - a +0 robe
 e - a +1 leather armour of fire resistance (worn)
 k - a +0 ring mail
Scrolls
 c - 4 scrolls of immolation
 h - a scroll of random uselessness {unknown}
 i - 4 scrolls of identify
Potions
 g - 2 potions of brilliance {unknown}
 j - 2 potions of curing
 m - 2 potions of cancellation {unknown}
 n - a potion of lignification {unknown}
 p - a potion of flight {unknown}
Comestibles
 f - 6 rations


   Skills:
 - Level 0.5 Fighting
 - Level 2.0 Short Blades
 + Level 4.3 Slings
 + Level 2.6 Armour
 - Level 2.7 Dodging
 - Level 3.1 Stealth
 - Level 2.6 Spellcasting
 - Level 2.4 Hexes


You had 4 spell levels left.
You knew the following spells:

 Your Spells              Type           Power        Failure   Level  Hunger
a - Corona                Hex            #......      10%         1    #......
b - Ensorcelled Hibernat  Hex/Ice        #.....       24%         2    ##.....
c - Confuse               Hex            #.......     28%         3    ###....

Your spell library contained the following spells:

 Spells                   Type           Power        Failure   Level  Hunger
 Tukima's Dance           Hex            #.......     28%         3    ###....
 Dazzling Spray           Conj/Hex       #.....       43%         3    ###....


Dungeon Overview and Level Annotations

Branches:
Dungeon (4/15)
 Temple: D:4-7

Altars:
Hepliaklqana
Makhleb
Okawaru
Trog
Vehumet
Zin

Annotations:
D:2 exclusion: leopard gecko, Natasha
D:3 exclusion: downstairs


Innate Abilities, Weirdness & Mutations

You have a beak for a mouth.
You have claws for feet.
You can fly continuously.


Message History

The orc priest is moderately wounded.
The orc priest hits you with a +0 hand axe!
* * * LOW HITPOINT WARNING * * *
You feel much better.
The orc priest hits you but does no damage.
You hit the orc priest. You claw the orc priest.
Your peck misses the orc priest.
The orc priest is heavily wounded.
The orc priest mumbles some strange prayers to Beogh against you.
Beogh smites you!
You hit the orc priest. You peck the orc priest.
The orc priest is almost dead.
The orc priest invokes the aid of Beogh against you.
Beogh smites you!
* * * LOW HITPOINT WARNING * * *
You barely miss the orc priest. Your kick misses the orc priest.
The orc priest is almost dead.
The orc priest invokes the aid of Beogh against you.
Beogh smites you!
You die...

#.#...#.# #.#####.#.####
####.#.###.###.###...#.#
.....#.##.......##.#.#.#
####........#####....#.####
#.######.....#....#....#######
####.# ########.#.....###........
.#.[.# #......#.#........########
.#.### #.##...#.########.#
.#.#####.######.@o((..##.#
.#.......# #######(##.#
########## ###.##)## .#.......#
.# #.......####### .#.#####.# #.#
#.###..###.#..# .#.#####.####
#.###...#####......
.#....##....###.#.........#......
#####.#####.#...#.#.#.###.#......
##.#####.............#o#.....#


You could see an orc priest.

Vanquished Creatures
  A hound (D:3)
  An orc priest (D:4)
  2 orc wizards (D:3)
  A worker ant (D:4)
  7 adders
  An ooze (D:1)
  3 worms
  3 dart slugs (D:1)
  4 leopard geckos
  8 orcs
  4 giant cockroaches
  11 goblins
  8 hobgoblins
  2 jackals (D:1)
  10 kobolds
  3 quokkas
  13 bats
  5 frilled lizards
  A leopard gecko skeleton (D:4)
  A leopard gecko zombie (D:4)
  7 rats
96 creatures vanquished.

Vanquished Creatures (others)
  An orc (D:3)
  A bat (D:3)
2 creatures vanquished.

Grand Total: 98 creatures vanquished

Notes
Turn   | Place    | Note
-------+----------+-------------------------------------------
     0 | D:1      | DrEnzyme the Tengu Enchanter began the quest for the Orb.
     0 | D:1      | Reached XP level 1. HP: 10/10 MP: 4/4
    80 | D:1      | Reached XP level 2. HP: 14/15 MP: 6/6
   202 | D:1      | Learned a level 2 spell: Ensorcelled Hibernation
   588 | D:1      | Reached XP level 3. HP: 16/19 MP: 7/7
  1548 | D:2      | Noticed Natasha
  1821 | D:2      | Reached skill level 1 in Slings
  1821 | D:2      | Reached XP level 4. HP: 24/24 MP: 5/8
  2335 | D:3      | Found a hazy altar of Hepliaklqana.
  2470 | D:3      | Reached skill level 2 in Slings
  2551 | D:3      | Reached skill level 1 in Armour
  2551 | D:3      | Gained mutation: You can fly continuously. [Tengu growth]
  2551 | D:3      | Reached XP level 5. HP: 23/28 MP: 9/9
  3034 | D:3      | You fall through a shaft!
  3089 | D:3      | Found a bloodstained altar of Trog.
  3164 | D:3      | Found a radiant altar of Vehumet.
  3265 | D:3      | Reached skill level 3 in Slings
  3436 | D:3      | Became a worshipper of Vehumet
  3871 | D:4      | Noticed an ice beast
  3953 | D:4      | Found an iron altar of Okawaru.
  3996 | D:4      | Found a burning altar of Makhleb.
  3996 | D:4      | Found a glowing silver altar of Zin.
  3997 | D:4      | Noticed an angel
  3997 | D:4      | Noticed an Executioner
  4015 | D:4      | Reached XP level 6. HP: 33/33 MP: 10/10
  4647 | D:4      | Learned a level 3 spell: Confuse
  4708 | D:3      | Reached skill level 4 in Slings
  5148 | D:4      | Killed from afar by an orc priest

Skill      XL: |  1  2  3  4  5  6 |
---------------+-------------------+-----
Short Blades   | 2 |  2.0
Slings         | 1 2 3 4 |  4.3
Armour         | 1 2 |  2.6
Fighting       | |  0.5
Dodging        | |  2.7
Stealth        | |  3.1
Spellcasting   | |  2.6
Hexes          | |  2.4

Action                   |  1- 3 |  4- 6 || total
-------------------------+-------+-------++-------
Melee: Dagger            |   106 |   162 ||   268
       Peck              |    15 |    22 ||    37
       Kick              |    18 |    29 ||    47
 Fire: Hunting sling     |     7 |   115 ||   122
 Cast: Ensorcelled Hiber |     8 |       ||     8
       Confuse           |       |     1 ||     1
  Use: Scroll            |     5 |     1 ||     6
       Potion            |       |     5 ||     5
 Stab: Sleeping          |    10 |     2 ||    12
  Eat: Chunk             |     3 |    10 ||    13
Armor: Robe              |    31 |       ||    31
       Ring mail         |       |    51 ||    51
       Leather armour    |       |     5 ||     5
Dodge: Dodged            |    68 |   101 ||   169
